 Dungeon Crawl Stone Soup version 0.31-a0-187-gba352fbbf7 (webtiles) character file.

Game seed: 12909593425252112830

95 qw the Shooter (level 4, -3/25 HPs)
             Began as a Deep Elf Hunter on June 22, 2023.
             Slain by Terence
             ... wielding a +0 mace
              (6 damage)
             ... on level 3 of the Dungeon.
             The game lasted 00:00:40 (2194 turns).

qw the Shooter (Deep Elf Hunter)                    Turns: 2194, Time: 00:00:40

Health: -3/25      AC:  6    Str: 10    XL:     4   Next: 39%
Magic:  6/6        EV:  9    Int: 14    God:
Gold:   175        SH:  0    Dex: 18    Spells: 3/3 levels left

rFire   . . .        Y - +1 shortbow
rCold   . . .        (shield currently unavailable)
rNeg    . . .        i - +0 scale mail
rPois   .            (no helmet)
rElec   .            (no cloak)
rCorr   .            (no gloves)
SInv    .            (no boots)
Will    .....        (no amulet)
Stlth   +            (no ring)
HPRegen 0.24/turn    (no ring)
MPRegen 0.10/turn

%: no passive effects
@: no status effects
A: no striking features
a: no special abilities


You were on level 3 of the Dungeon.
You visited 1 branch of the dungeon, and saw 3 of its levels.

You collected 175 gold pieces.


   Skills:
 - Level 1.5 Fighting
 + Level 7.8 Ranged Weapons
 - Level 2.4 Dodging
 - Level 1.2 Stealth


You had 3 spell levels left.
You didn't know any spells.
Your spell library was empty.

Inventory:

Hand Weapons
 Y - a +1 shortbow (weapon)
Armour
 b - a +0 cloak
 i - a +0 scale mail (worn)
Scrolls
 a - 3 scrolls of identify
Potions
 d - a potion of curing
 j - a potion of lignification {unknown}

Dungeon Overview and Level Annotations

Branches:
Dungeon (3/15)

Altars:
Kikubaaqudgha
Ru
Uskayaw

Annotations:
D:3 Terence


Message History

Enter note:
Enter note: You shoot an arrow.
The arrow barely misses the orc.
The orc shouts!
You shoot an arrow.
The arrow hits the orc but does no damage.
The orc closely misses you.
You shoot an arrow.
The arrow hits the orc but does no damage.
The orc hits you but does no damage.
You shoot an arrow. The arrow hits the orc.
The orc is lightly wounded.
The orc hits you but does no damage.
You shoot an arrow. The arrow hits the orc!
You kill the orc!
Terence hits you with a +0 mace.
You shoot an arrow.
The arrow hits Terence but does no damage.
Terence hits you with a +0 mace.
You shoot an arrow. The arrow hits Terence.
Terence is moderately wounded.
Terence hits you with a +0 mace.
You shoot an arrow.
The arrow hits Terence but does no damage.
Terence is moderately wounded.
Terence hits you with a +0 mace. Terence barely misses you.
You shoot an arrow. The arrow hits Terence.
Terence is moderately wounded.
Terence barely misses you.
You shoot an arrow. The arrow hits Terence!
Terence is severely wounded.
Terence hits you with a +0 mace.
You shoot an arrow.
The arrow hits Terence but does no damage.
Terence is severely wounded.
Terence hits you with a +0 mace. Terence barely misses you.
You shoot an arrow. The arrow hits Terence.
Terence is almost dead.
Terence hits you with a +0 mace.
You die...

># #.........#... .#
#.........#... .#
##'##.....#... ...
##...##....#... ...>..
##.....##...#... .......
. ##.#...#.##....##
.......# ...
##.8.8.8.8.##...#
.......+
..[.o##...........#...#
.......#
....oo@@..../.....%.####
.......#
$...o##...........#.....
.....(.# ...
##.8.8.8.8.#######
.#.#...# . ##.#...#.##
.#.#...# ##.....##
.#.'...##### ###...##
['.#........ #.##'##
.#.#........ #.#...#
%#.###############.#...#
##


You could see Terence and 4 orcs.

Vanquished Creatures
  5 adders
  2 worms (D:2)
  2 orcs (D:3)
  4 bats
  5 endoplasms
  2 giant cockroaches (D:3)
  4 goblins
  3 hobgoblins (D:2)
  A quokka (D:2)
  2 ball pythons (D:2)
  6 frilled lizards
  6 kobolds
  4 rats
46 creatures vanquished.

Notes
Turn   | Place    | Note
-------+----------+-------------------------------------------
     0 | D:1      | qw the Deep Elf Hunter began the quest for the Orb.
     0 | D:1      | Reached XP level 1. HP: 12/12 MP: 3/3
     0 | D:1      | 0 ||| qw: Version: 0.3-a-9-g12657ce
     0 | D:1      | 0 ||| qw: Game counter: 2367
     0 | D:1      | 0 ||| qw: Always use a shield: true
     0 | D:1      | 0 ||| qw: God list: Okawaru
     0 | D:1      | 0 ||| qw: Allow faded altars: false
     0 | D:1      | 0 ||| qw: Do Orc after D:15 true
     0 | D:1      | 0 ||| qw: Do second Lair branch before Depths: true
     0 | D:1      | 0 ||| qw: Lair rune preference: random
     0 | D:1      | 0 ||| qw: Plans: Normal
     0 | D:1      | 0 ||| PLANNING D:1-11
   266 | D:1      | 266 ||| FLEEEEING.
   267 | D:1      | 267 ||| FLEEEEING.
   268 | D:1      | 268 ||| FLEEEEING.
   269 | D:1      | 269 ||| FLEEEEING.
   270 | D:1      | 270 ||| FLEEEEING.
   271 | D:1      | 271 ||| FLEEEEING.
   732 | D:1      | 732 ||| UPGRADING to +0 scale mail.
   742 | D:1      | 742 ||| DROPPING +0 leather armour.
   743 | D:1      | 743 ||| READING scroll labelled TACYLO ZORAHYG.
   744 | D:1      | 744 ||| READING scroll labelled OSUGEO EMUKH.
   745 | D:1      | 745 ||| READING scroll labelled DEENKUZIUCK.
   749 | D:1      | 749 ||| READING scroll labelled MIWOQE QUDDAIF.
   750 | D:1      | 750 ||| DROPPING scroll of butterflies.
   773 | D:2      | Reached skill level 6 in Ranged Weapons
   773 | D:2      | Reached XP level 2. HP: 16/16 MP: 4/4
  1129 | D:2      | Reached XP level 3. HP: 20/20 MP: 5/5
  1257 | D:2      | Reached skill level 7 in Ranged Weapons
  1527 | D:2      | 1527 ||| READING scroll labelled YMAZAC LI BIPOM.
  1528 | D:2      | 1528 ||| READING 2 scrolls of identify.
  1528 | D:2      | 1528 ||| IDENTIFYING fizzy pink potion
  1594 | D:3      | Reached XP level 4. HP: 25/25 MP: 6/6
  1644 | D:3      | Found a hide-covered altar of Uskayaw.
  2002 | D:3      | Found an ancient bone altar of Kikubaaqudgha.
  2101 | D:3      | Found a sacrificial altar of Ru.
  2182 | D:3      | Noticed Terence
  2192 | D:3      | HP: 6/25 [Terence/+0 mace (4)]
  2194 | D:3      | Slain by Terence

Levels and vault maps discovered:
D:1:      dpeg_arrival_circle_labyrinth_b, layout_basic,
          minmay_misc_feat_four_crosses
D:2:      layout_basic, minmay_pentomino_v4
D:3:      layout_basic, nicolae_uskayaw_murder_on_the_dancefloor,
          kiku_gazebo_pond_becter, nicolae_ru_sacrificial_ziggurat,
          dk_noncrumbling_3, uniq_terence

Skill      XL: |  1  2  3 |
---------------+----------+-----
Ranged Weapons | 6 7 |  7.8
Fighting       | |  1.5
Dodging        | |  2.4
Stealth        | |  1.2

Action                     |  1- 3 |  4- 6 || total
---------------------------+-------+-------++-------
   Fire: Shortbow          |    93 |    42 ||   135
    Use: Scroll            |     6 |       ||     6
 Armour: Scale mail        |    19 |    13 ||    32
  Dodge: Dodged            |    17 |    14 ||    31

Table legend:
 A = Non-vault XP
 B = Vault XP
 C = Vault XP percentage of total XP
 D = Non-vault monster count
 E = Vault monster count
 F = Vault count percentage of total count
                 A         B        C        D         E       F
            +---------+---------+-------+---------+---------+-------
      Total |     113 |      23 |  16.9 |      43 |       3 |   6.5
            +---------+---------+-------+---------+---------+-------
        D:1 |      11 |       0 |   0.0 |       8 |       0 |   0.0
        D:2 |      60 |      23 |  27.7 |      25 |       3 |  10.7
        D:3 |      42 |       0 |   0.0 |      10 |       0 |   0.0
            +---------+---------+-------+---------+---------+-------
